 Dungeon Crawl Stone Soup version 0.28-a0-239-g68911e0c57 (webtiles) character file.

Game seed: 10682854126450237395

55 frimble the Fighter (level 3, 0/57 HPs)
             Began as a Gnoll Wanderer on Aug 24, 2021.
             Killed from afar by Natasha (9 damage)
             ... with a magic dart
             ... on level 2 of the Dungeon.
             The game lasted 00:01:42 (1617 turns).

frimble the Fighter (Gnoll Wanderer)                Turns: 1617, Time: 00:01:43

Health: 0/57       AC: 21    Str: 10    XL:     3   Next: 93%
Magic:  4/4        EV:  2    Int: 14    God:
Gold:   97         SH:  0    Dex: 10    Spells: 4/4 levels left

rFire   . . .      SeeInvis .   b - +0 hand axe (pain)
rCold   . . .      Faith    .   (no shield)
rNeg    + + +      Spirit   .   (armour currently unavailable)
rPois   +          Reflect  .   (helmet currently unavailable)
rElec   .          Harm     .   (cloak currently unavailable)
rCorr   .          Rampage  .   (gloves currently unavailable)
Will    .....      NoTele   +   (boots currently unavailable)
Stlth   ++........              (no amulet)
HPRegen 0.19/turn               (no ring)
MPRegen 0.09/turn               (no ring)

@: tree-form
A: stationary, stasis, torment immunity, boosted hp, (fangs 1), strong nose,
distributed training
a: no special abilities


You were on level 2 of the Dungeon.
You were a tree.
You visited 1 branch of the dungeon, and saw 2 of its levels.

You collected 97 gold pieces.

Inventory:

Hand Weapons
 a - a +2 hand crossbow
 b - a +0 hand axe of pain (weapon)
Missiles
 i - 17 bolts
Armour
 c - a +0 ring mail (melded)
Scrolls
 e - a scroll of teleportation
Potions
 d - a potion of lignification
 f - a potion of ambrosia {unknown}
 g - a potion of magic {unknown}
 h - a potion of attraction {unknown}


   Skills:
 + Level 8.5 Fighting
 + Level 1.0 Short Blades
 + Level 1.0 Long Blades
 + Level 2.6 Axes
 + Level 1.0 Maces & Flails
 + Level 1.0 Polearms
 + Level 1.0 Staves
 + Level 1.0 Slings
 + Level 1.0 Bows
 + Level 4.6 Crossbows
 + Level 2.6 Throwing
 + Level 2.6 Armour
 + Level 1.0 Dodging
 + Level 2.4 Stealth
 + Level 1.0 Shields
 + Level 1.0 Unarmed Combat
 + Level 1.0 Spellcasting
 + Level 0.7 Conjurations
 + Level 0.7 Hexes
 + Level 0.7 Summonings
 + Level 0.7 Necromancy
 + Level 0.7 Translocations
 + Level 0.7 Transmutations
 + Level 0.7 Fire Magic
 + Level 0.7 Ice Magic
 + Level 0.7 Air Magic
 + Level 0.7 Earth Magic
 + Level 0.7 Poison Magic
 + Level 1.0 Invocations
 + Level 1.0 Evocations


You had 4 spell levels left.
You didn't know any spells.
Your spell library contained the following spells:

 Spells                   Type           Power      Damage    Failure   Level
 Summon Small Mammal      Summ           8%         N/A       21%         1
 Call Canine Familiar     Summ           2%         N/A       52%         3
 Summon Guardian Golem    Hex/Summ       2%         N/A       52%         3
 Chain Lightning          Conj/Air       1%         3d1       100%        9
 Fire Storm               Conj/Fire      1%         7d1       100%        9


Dungeon Overview and Level Annotations

Branches:
Dungeon (2/15)

Altars:

Shops:
D:1 *

Annotations:
D:2 Natasha


Innate Abilities, Weirdness & Mutations

You are a tree.
Your roots penetrate the ground, keeping you stationary.
You cannot be teleported.
You are immune to unholy pain and torment.
Your maximum health is greatly increased.
Your equipment is partially melded.
((You have very sharp teeth.))
Your uncanny sense of smell can sniff out nearby items.
Your experience applies equally to all skills.


Message History

Natasha is moderately wounded.
You hit the crimson imp. You hit the iron imp.
Natasha claws you but does no damage.
The iron imp hits you but does no damage.
The crimson imp hits you but does no damage.
Okay, then.
Unknown command.
You hit Natasha.
Natasha is heavily wounded.
You closely miss the crimson imp. You hit the iron imp but do no damage.
Natasha stares at you and mumbles some strange words.
The magic dart hits you but does no damage.
The iron imp hits you. The crimson imp hits you.
Natasha claws you but does no damage.
You hit Natasha.
Natasha is almost dead.
You hit the crimson imp. You barely miss the iron imp.
The crimson imp hits you.
The iron imp hits you but does no damage.
Natasha stares at you and mumbles some strange words.
The magic dart hits you but does no damage.
You closely miss Natasha.
Natasha is almost dead.
You hit the iron imp but do no damage. You miss the crimson imp.
The crimson imp blinks!
The iron imp hits you. Natasha claws you but does no damage.
You closely miss Natasha.
Natasha is almost dead.
You hit the iron imp but do no damage.
Natasha stares at you and mumbles some strange words.
The magic dart hits you!
* * * LOW HITPOINT WARNING * * *
The iron imp picks up a beetle and eats it.
The iron imp hits you but does no damage.
You barely miss Natasha.
Natasha is almost dead.
You miss the crimson imp. You hit the iron imp. Natasha casts a spell at you.
The magic dart hits you!
You die...

#.....# #....#
#.....# #....#
#.....# #....#
#.....# ∆
#....# #...>.#
#....# #.÷...#
#(...# ###.###
#..5h# #.#
#..5♣######'###
#..........)..#
#.............#
##............#
#............#
#.........>..#
#............#
#............#
#...(........#


You could see an iron imp (summoned), Natasha and a crimson imp (summoned).

Vanquished Creatures
  Natasha (D:2)
  A dart slug (D:1)
  A bat (D:2)
  3 endoplasms (D:1)
  A giant cockroach (D:1)
  2 hobgoblins (D:1)
  3 jackals (D:1)
  A quokka (D:1)
  5 ball pythons
  3 frilled lizards
  A goblin (D:1)
  3 kobolds (D:1)
25 creatures vanquished.

Vanquished Creatures (others)
  2 fungi (D:2)
  2 plants (D:2)
4 creatures vanquished.

Grand Total: 29 creatures vanquished

Notes
Turn   | Place    | Note
-------+----------+-------------------------------------------
     0 | D:1      | frimble the Gnoll Wanderer began the quest for the Orb.
     0 | D:1      | frimble set off with the following items: a +2 hand
                  | crossbow, 25 bolts, a +0 ring mail, a potion of
                  | lignification
     0 | D:1      | Reached XP level 1. HP: 26/26 MP: 1/1
   326 | D:1      | Reached XP level 2. HP: 33/33 MP: 2/2
   483 | D:1      | Found Pozoim's General Store.
  1019 | D:1      | Reached XP level 3. HP: 38/38 MP: 3/3
  1418 | D:2      | Noticed Natasha
  1425 | D:2      | Killed Natasha
  1426 | D:2      | Reached skill level 1 in Short Blades
  1426 | D:2      | Reached skill level 1 in Long Blades
  1426 | D:2      | Reached skill level 1 in Maces & Flails
  1426 | D:2      | Reached skill level 1 in Polearms
  1426 | D:2      | Reached skill level 1 in Staves
  1426 | D:2      | Reached skill level 1 in Slings
  1426 | D:2      | Reached skill level 1 in Bows
  1426 | D:2      | Reached skill level 1 in Dodging
  1426 | D:2      | Reached skill level 1 in Shields
  1426 | D:2      | Reached skill level 1 in Unarmed Combat
  1426 | D:2      | Reached skill level 1 in Spellcasting
  1426 | D:2      | Reached skill level 1 in Invocations
  1426 | D:2      | Reached skill level 1 in Evocations
  1595 | D:2      | Noticed Natasha
  1617 | D:2      | Killed from afar by Natasha

Illustrated notes

Levels and vault maps discovered:
D:1:      erik_arrival_cave_to_civilisation [erik_arrival_cave_to_hall],
          layout_loops_corners, serial_shops, nicolae_shop_trees,
          dk_noncrumbling_4, grunt_decor_fettered, amethyst_killhole,
          serial_park_tiny_pond, minmay_door_square, minmay_misc_feat_encased
D:2:      minmay_razor_zed, layout_basic, shapermc_ecumenical_altar_hornbeckon,
          uniq_natasha

Skill      XL: |  1  2  3 |
---------------+----------+-----
Short Blades   | 1 |  1.0
Long Blades    | 1 |  1.0
Maces & Flails | 1 |  1.0
Polearms       | 1 |  1.0
Staves         | 1 |  1.0
Slings         | 1 |  1.0
Bows           | 1 |  1.0
Dodging        | 1 |  1.0
Shields        | 1 |  1.0
Unarmed Combat | 1 |  1.0
Spellcasting   | 1 |  1.0
Invocations    | 1 |  1.0
Evocations     | 1 |  1.0
Fighting       | |  8.5
Axes           | |  2.6
Crossbows      | |  4.6
Throwing       | |  2.6
Armour         | |  2.6
Stealth        | |  2.4
Conjurations   | |  0.7
Hexes          | |  0.7
Summonings     | |  0.7
Necromancy     | |  0.7
Translocations | |  0.7
Transmutations | |  0.7
Fire Magic     | |  0.7
Ice Magic      | |  0.7
Air Magic      | |  0.7
Earth Magic    | |  0.7
Poison Magic   | |  0.7

Action                   || total
-------------------------++-------
Melee: Unarmed           ||    25
       Hand axe          ||    17
       Bite              ||     3
 Fire: Hand crossbow     ||    40
  Use: Scroll            ||     2
       Potion            ||     1
Armor: Ring mail         ||    22
       Skin              ||    26
Dodge: Dodged            ||    19

Table legend: (Time is in decaauts)
 A = Elapsed time spent in this place.
 B = Non-inter-level travel time spent in this place.
 C = Inter-level travel time spent in this place.
 D = Time resting spent in this place.
 E = Time spent auto-exploring this place.
 F = Levels seen in this place.
 G = Mean time per level.
                   A        B        C        D        E       F      G
               +--------+--------+--------+--------+--------+-----+--------+
         Total |   1627 |   1610 |     17 |      0 |   1408 |   2 |  813.5 |
       Dungeon |   1627 |   1610 |     17 |      0 |   1408 |   2 |  813.5 |
               +--------+--------+--------+--------+--------+-----+--------+

Top non-repeatable levels by time:
     D:1: 1160 daAuts
     D:2: 466 daAuts
